 Dungeon Crawl Stone Soup version 0.20-a0-1127-g1289703 (webtiles) character file.

61 Monsterracer the Changer (level 4, 0/32 HPs)
             Began as a Merfolk Transmuter on May 18, 2017.
             Succumbed to an adder's poison
             ... on level 2 of the Dungeon.
             The game lasted 00:02:06 (1424 turns).

Monsterracer the Changer (Merfolk Transmuter)       Turns: 1424, Time: 00:02:07

Health: 0/32       AC:  2    Str: 14    XL:     4   Next: 7%
Magic:  7/7        EV: 13    Int: 13    God:
Gold:   67         SH:  0    Dex: 14    Spells: 1/7 levels left

rFire    . . .     SeeInvis .     - Unarmed
rCold    . . .     Gourm    .   (no shield)
rNeg     . . .     Faith    .   b - +0 robe
rPois    .         Spirit   .   (no helmet)
rElec    .         Reflect  .   (no cloak)
rCorr    .         Harm     .   (no gloves)
MR       .....                  (no boots)
Stlth    +.........             (no amulet)
Regen    0.1/turn               k - +4 ring of strength
MPRegen  0.1/turn               (no ring)

@: lethally poisoned (0 -> -11), appendage
A: change form in water, swift swim, stealthy swim, horns 2
a: End Transformation


You were on level 2 of the Dungeon.
You were hungry.
You had grown temporary horns.
You visited 1 branch of the dungeon, and saw 2 of its levels.

You collected 67 gold pieces.

Inventory:

Missiles
 a - 12 arrows
Armour
 b - a +0 robe (worn)
Jewellery
 k - a +4 ring of strength (left hand)
Scrolls
 e - a scroll of fear {unknown}
 h - 2 scrolls of identify {unknown}
 i - 3 scrolls of remove curse {unknown}
 j - a scroll of enchant armour {unknown}
 l - a scroll of noise {unknown}
Potions
 n - a potion of flight
Books
 c - a book of Changes

   Spells                             Type                      Level
   a - Beastly Appendage              Transmutation                1
   b - Sticks to Snakes               Transmutation                2
   c - Spider Form                    Transmutation/Poison         3
   d - Ice Form                       Ice/Transmutation            4
   e - Blade Hands                    Transmutation                5
Comestibles
 d - 2 bread rations
 f - 2 meat rations
 g - 2 royal jellies


   Skills:
 - Level 1.1 Fighting
 - Level 2.6 Dodging
 + Level 3.7 Unarmed Combat
 - Level 2.0 Spellcasting
 * Level 5.2 Transmutations


You had one spell level left.
You knew the following spells:

 Your Spells              Type           Power        Failure   Level  Hunger
a - Beastly Appendage     Tmut           ##....       3%          1    ##.....
b - Sticks to Snakes      Tmut           ##......     4%          2    ###....
c - Spider Form           Tmut/Pois      #.........   26%         3    ####...


Dungeon Overview and Level Annotations

Branches:
Dungeon (2/15)

Altars:


Innate Abilities, Weirdness & Mutations

You revert to your normal form in water.
You are very nimble and swift while swimming.
You are very stealthy in the water. (Stealth+)
You have a pair of horns on your head.


Message History

You feel sick. The adder bites you.
* * * LOW HITPOINT WARNING * * *
You are more poisoned.
The adder poisons you!
Unknown command.
Okay, then.
* * * LOW HITPOINT WARNING * * *
You feel sick.
You hit the adder.
You kill the adder!
You have reached level 4!
* * * LOW HITPOINT WARNING * * *
You feel sick.
The kobold throws a stone.
The stone hits you.
* * * LOW HITPOINT WARNING * * *
* * * LOW HITPOINT WARNING * * *
You feel sick. The kobold hits you with a short sword.
* * * LOW HITPOINT WARNING * * *
You hit the kobold but do no damage. You headbutt the kobold.
The kobold is moderately wounded.
You die...

#.# #.# #.# #..
#. ###
#############
####............
##.............##
.##
##.....########.#
.....##.......###
##.##
......K@(.......#
#....
####.##.<.....#.#
#..## ##.....##.#
#..# .......##.#
#..# #.##...###.#
#.(# #<
##.####.####..# #
#............#
######......##
.........##


You could see a kobold.

Vanquished Creatures
  An adder (D:2)
  A worm (D:2)
  2 dart slugs (D:1)
  3 leopard geckos
  2 ball pythons
  7 bats (D:1)
  3 giant cockroaches
  7 goblins
  4 hobgoblins
  A kobold (D:1)
  A quokka (D:2)
  2 frilled lizards (D:2)
  6 rats
40 creatures vanquished.

Notes
Turn   | Place    | Note
-------+----------+-------------------------------------------
     0 | D:1      | Monsterracer the Merfolk Transmuter began the quest for the Orb.
     0 | D:1      | Reached XP level 1. HP: 15/15 MP: 3/3
    21 | D:1      | Reached skill level 3 in Transmutations
    30 | D:1      | Reached XP level 2. HP: 17/21 MP: 5/5
    44 | D:1      | Learned a level 2 spell: Sticks to Snakes
   242 | D:1      | Reached skill level 4 in Transmutations
   473 | D:1      | Reached XP level 3. HP: 26/26 MP: 4/6
  1330 | D:2      | Reached skill level 5 in Transmutations
  1393 | D:2      | Learned a level 3 spell: Spider Form
  1422 | D:2      | Reached XP level 4. HP: 6/32 MP: 7/7
  1423 | D:2      | HP: 1/32 [kobold/short sword (2)]
  1424 | D:2      | Succumbed to an adder's poison

Vault maps used:
D:1:      minmay_arrival_five_plusses
D:2:      kennysheep_generic_room_9

Skill      XL: |  1  2  3 |
---------------+----------+-----
Transmutations | 3 4 5 |  5.2
Fighting       | |  1.1
Dodging        | |  2.6
Unarmed Combat | |  3.7
Spellcasting   | |  2.0

Action                   |  1- 3 |  4- 6 || total
-------------------------+-------+-------++-------
Melee: Unarmed           |   148 |     1 ||   149
       Headbutt          |     3 |     1 ||     4
       Punch             |     2 |       ||     2
 Cast: Beastly Appendage |     5 |       ||     5
  Use: Potion            |     2 |       ||     2
 Stab: Sleeping          |     1 |       ||     1
  Eat: Chunk             |     1 |       ||     1
Armor: Robe              |    20 |       ||    20
Dodge: Dodged            |   105 |       ||   105
